 Dungeon Crawl Stone Soup version 0.19.0 (webtiles) character file.

1001 Jorund the Cleaver (level 8, 0/58 HPs)
             Began as a Demonspawn Fighter on Nov 1, 2016.
             Was a Follower of Okawaru.
             Succumbed to Crag's ghost's sting
             ... in an ossuary.
             The game lasted 00:09:25 (4007 turns).

Jorund the Cleaver (Demonspawn Fighter)             Turns: 4007, Time: 00:09:25

Health: 0/58       AC:  6    Str: 23    XL:     8   Next: 0%
Magic:  8/8        EV: 13    Int: 11    God:    Okawaru [*.....]
Gold:   200        SH:  4    Dex: 12    Spells: 0 memorised, 7 levels left

rFire  . . .     SeeInvis +     a - +1 war axe
rCold  + . .     Gourm    .     b - +0 scale mail
rNeg   . . .     Faith    .     l - +0 buckler
rPois  .         Spirit   .     (helmet restricted)
rElec  .         Reflect  .     (no cloak)
rCorr  .         Harm     .     (no gloves)
MR     .....     Rnd*Rage +     (no boots)
Stlth  ..........               (no amulet)
                                n - +2 ring of evasion
                                g - ring of see invisible

@: mighty, lethally poisoned (0 -> -3)
A: antennae 1, repulsion field 1, berserk 1, cold resistance 1
a: Heroism, Renounce Religion


You were in an ossuary.
You worshipped Okawaru.
Okawaru was aware of your devotion.
You were hungry.

You visited 2 branches of the dungeon, and saw 5 of its levels.
You also visited: Ossuary.

You collected 200 gold pieces.

Inventory:

Hand Weapons
 a - a +1 war axe (weapon)
Missiles
 d - 3 exploding tomahawks (quivered)
Armour
 b - a +0 scale mail (worn)
 c - a +0 shield
 l - a +0 buckler (worn)
 t - a +0 helmet
Jewellery
 g - a ring of see invisible (left hand)
 n - a +2 ring of evasion (right hand)
 o - an uncursed ring of stealth
Wands
 s - a wand of acid (7/15)
Potions
 h - a potion of flight
Books
 e - a book of Frost

   Spells                             Type                      Level
   a - Freeze                         Ice                          1
   b - Throw Frost                    Conjuration/Ice              2
   c - Ozocubu's Armour               Charms/Ice                   3
   d - Throw Icicle                   Conjuration/Ice              4
   e - Summon Ice Beast               Ice/Summoning                4
Comestibles
 f - 3 bread rations
 p - 2 meat rations


   Skills:
 - Level 3.0 Fighting
 + Level 8.3 Axes
 - Level 2.6 Armour
 + Level 3.4 Shields


You had 7 spell levels left.
You didn't know any spells.

Dungeon Overview and Level Annotations

Branches:
Dungeon (4/15)             Temple (1/1) D:4

Altars:
Ashenzari
Cheibriados
Dithmenos
Elyvilon
Fedhas
Gozag
Hepliaklqana
Makhleb
Nemelex Xobeh
Okawaru
Qazlal
Ru
Sif Muna
Trog
Vehumet
Xom
Yredelemnul
Zin
The Shining One


Innate Abilities, Weirdness & Mutations

You have a pair of small antennae on your head.
You are surrounded by a mild repulsion field. (EV +2)
Your flesh is cold resistant. (rC+)
You tend to lose your temper in combat.


Message History

You destroy Crag's ghost!
Okawaru is honoured by your kill.
You can now gain great but temporary skills.
Your Axes skill increases to level 8!
You have reached level 8!
You feel clever.
* * * LOW HITPOINT WARNING * * *
You feel sick.
You feel less confused.
* * * LOW HITPOINT WARNING * * *
You feel sick.
* * * LOW HITPOINT WARNING * * *
You feel sick.
You see here a metallic dark potion.
i - a metallic dark potion Wield which item (- for none, * to show all)? (? for menu, Esc to quit)
Okay, then.
It was a potion of mutation.
You feel extremely strange.
You feel clumsy.
You feel agile.
You feel a little pissed off.
You die...

*+*#........##'#
**,,##......##..##
**,,,,##....##....##
*,,,,,,#....#.....?##
,,,,,,,#....#......$#
,,,,,,,#...W#....?!$#
,,,,,,,#....#....!$$#
*,,,,,,#....#...!.$##
*,,,,,*#....##..@$$#
**,,,,*#....##...$##
*,,,**#.∩∩.###.?$#
***** ###### #####


There were no monsters in sight!

Vanquished Creatures
  The ghost of Crag the Ruffian, a novice NaVM (Ossuary)
  Sigmund (D:3)
  A scorpion (D:4)
  An orc priest (D:3)
  Terence (D:2)
  An iguana (D:4)
  3 worker ants
  8 mummies (Ossuary)
  Robin (D:2)
  10 adders
  3 oozes
  5 worms
  4 leopard geckos
  5 orcs (D:3)
  5 giant cockroaches
  13 hobgoblins
  6 jackals
  8 kobolds
  11 bats
  7 frilled lizards
  19 goblins
  A hobgoblin zombie (Ossuary)
  A jackal skeleton (D:4)
  4 kobold zombies (Ossuary)
  3 orc zombies (Ossuary)
  5 rats
128 creatures vanquished.

Notes
Turn   | Place    | Note
-------+----------+-------------------------------------------
     0 | D:1      | Jorund the Demonspawn Fighter began the quest for the Orb.
     0 | D:1      | Reached XP level 1. HP: 18/18 MP: 1/1
    83 | D:1      | Reached skill level 2 in Axes
   237 | D:1      | Gained mutation: Your flesh is cold resistant. (rC+) [demonic ancestry]
   237 | D:1      | Reached XP level 2. HP: 15/24 MP: 2/2
   709 | D:1      | Reached skill level 3 in Axes
   955 | D:2      | Gained mutation: You are surrounded by a mild repulsion field. (EV +2) [demonic ancestry]
   955 | D:2      | Reached XP level 3. HP: 26/29 MP: 3/3
  1075 | D:2      | Noticed Robin
  1103 | D:2      | Killed Robin
  1327 | D:2      | Reached XP level 4. HP: 34/35 MP: 4/4
  1336 | D:2      | Found a snail-covered altar of Cheibriados.
  1342 | D:2      | Reached skill level 4 in Axes
  1411 | D:2      | Noticed Terence
  1430 | D:2      | Killed Terence
  1821 | D:2      | Reached XP level 5. HP: 21/41 MP: 5/5
  1867 | D:2      | Found a sparkling altar of Nemelex Xobeh.
  1955 | D:2      | Reached skill level 5 in Axes
  1983 | D:2      | Found a hazy altar of Hepliaklqana.
  2022 | D:2      | Found a shattered altar of Ashenzari.
  2555 | D:3      | Noticed Sigmund
  2569 | D:3      | Killed Sigmund
  2569 | D:3      | Reached skill level 6 in Axes
  2569 | D:3      | Reached XP level 6. HP: 29/47 MP: 6/6
  3368 | D:4      | Found a staircase to the Ecumenical Temple.
  3422 | Temple   | Entered the Ecumenical Temple
  3470 | Temple   | Became a worshipper of Warmaster Okawaru
  3648 | D:4      | Noticed a moth of wrath
  3650 | D:4      | Found a bloodstained altar of Trog.
  3716 | D:4      | Gained mutation: You have a pair of small antennae on your head. [demonic ancestry]
  3716 | D:4      | Reached XP level 7. HP: 52/52 MP: 7/7
  3729 | D:4      | Reached skill level 7 in Axes
  3844 | D:4      | Found a sand-covered staircase.
  3853 | Ossuary  | Entered an ossuary
  3959 | Ossuary  | Noticed Crag's ghost (novice NaVM)
  4002 | Ossuary  | Killed Crag's ghost
  4002 | Ossuary  | Reached * piety under Okawaru
  4002 | Ossuary  | Reached skill level 8 in Axes
  4002 | Ossuary  | Reached XP level 8. HP: 3/58 MP: 8/8
  4004 | Ossuary  | HP: 2/58 [poisoned by Crag's ghost (sting)]
  4007 | Ossuary  | Gained mutation: You are clumsy. (Dex -2) [potion of mutation]
  4007 | Ossuary  | Lost mutation: You are clumsy. (Dex -2) [potion of mutation]
  4007 | Ossuary  | Gained mutation: You tend to lose your temper in combat. [potion of mutation]
  4007 | Ossuary  | Succumbed to Crag's ghost's sting

Skill      XL: |  1  2  3  4  5  6  7 |
---------------+----------------------+-----
Axes           | 2 3 4 6 8 |  8.3
Shields        | 3 |  3.4
Fighting       | |  3.0
Armour         | |  2.6

Action                   |  1- 3 |  4- 6 |  7- 9 || total
-------------------------+-------+-------+-------++-------
Melee: War axe           |   120 |   278 |    60 ||   458
  Use: Potion            |       |     2 |     3 ||     5
       Scroll            |       |     6 |     2 ||     8
  Eat: Chunk             |     1 |     8 |     1 ||    10
Armor: Scale mail        |    88 |    78 |    13 ||   179
Dodge: Dodged            |    95 |   177 |    35 ||   307
Block: Buckler           |       |    36 |    10 ||    46
